 Dungeon Crawl Stone Soup version 0.29.0-5-ge4962eb29e (webtiles) character file.

Game seed: 12822142888977731980

3138 Persephone the Markself (level 9, 0/42 HPs)
             Began as a Deep Elf Hunter on Aug 29, 2022.
             Was a Believer of Hepliaklqana.
             Slain by Erica
             ... wielding a +4 scimitar of flaming
              (6 damage)
             ... on level 8 of the Dungeon.
             The game lasted 00:13:19 (7486 turns).

Persephone the Markself (Deep Elf Hunter)           Turns: 7486, Time: 00:13:20

Health: 0/42       AC:  7    Str:  8    XL:     9   Next: 61%
Magic:  11/11      EV: 12    Int: 15    God:    Hepliaklqana [**....]
Gold:   327        SH:  0    Dex: 22    Spells: 8/8 levels left

rFire   . . .      SeeInvis .   a - +1 shortbow
rCold   . . .      Faith    .   (shield currently unavailable)
rNeg    . . .      Spirit   .   c - +0 leather armour
rPois   .          Reflect  .   (no helmet)
rElec   .          Harm     .   j - +1 cloak
rCorr   .          Rampage  .   m - +0 pair of gloves
Will    .....                   g - +0 pair of boots
Stlth   ++........              (no amulet)
HPRegen 0.14/turn               (no ring)
MPRegen 0.12/turn               (no ring)

@: lethally poisoned (0 -> -8)
A: reduced essence
a: Renounce Religion, Recall Ancestor, Ancestor Identity


You were on level 8 of the Dungeon.
You worshipped Hepliaklqana.
Hepliaklqana was pleased with you.
You visited 2 branches of the dungeon, and saw 9 of its levels.

You collected 327 gold pieces.

Inventory:

Hand Weapons
 a - a +1 shortbow (weapon)
Armour
 c - a +0 leather armour (worn)
 g - a +0 pair of boots (worn)
 j - a +1 cloak (worn)
 m - a +0 pair of gloves (worn)
Jewellery
 A - a ring of positive energy
 B - a +4 ring of protection
Wands
 d - a wand of charming (1)
 n - a wand of flame (36) (quivered)
 q - a wand of polymorph (2)
Scrolls
 b - 2 scrolls of immolation
 h - 2 scrolls of teleportation
 l - 2 scrolls of identify
 s - a scroll of enchant weapon
 t - 4 scrolls of enchant armour
 y - a scroll of blinking
 C - a scroll of amnesia {unknown}
Potions
 e - 7 potions of curing
 f - a potion of brilliance {unknown}
 i - 2 potions of magic {unknown}
 k - 4 potions of degeneration {unknown}
 o - 2 potions of heal wounds {unknown}
 p - a potion of berserk rage {unknown}
 r - a potion of attraction {unknown}
 u - 3 potions of might {unknown}
 v - a potion of mutation {unknown}
 w - 3 potions of ambrosia {unknown}
 x - a potion of flight {unknown}
 z - 2 potions of invisibility {unknown}
 D - a potion of haste {unknown}


   Skills:
 - Level 1.5 Fighting
 + Level 17.8 Ranged Weapons
 - Level 2.4 Dodging
 - Level 1.2 Stealth


You had 8 spell levels left.
You didn't know any spells.
Your spell library contained the following spells:

 Spells                   Type           Power      Damage    Failure   Level
 Apportation              Tloc           0%         N/A       36%         1
 Magic Dart               Conj           0%         1d3       36%         1
 Blink                    Tloc           0%         N/A       52%         2
 Searing Ray              Conj           0%         2d4       52%         2
 Portal Projectile        Hex/Tloc       0%         N/A       75%         3
 Tukima's Dance           Hex            0%         N/A       75%         3
 Fulminant Prism          Conj/Hex       0%         3d6       98%         4
 Alistair's Intoxication  Tmut/Pois      0%         N/A       100%        5
 Blade Hands              Tmut           0%         N/A       100%        5
 Manifold Assault         Tloc           0%         N/A       100%        5
 Storm Form               Tmut/Air       0%         N/A       100%        7


Dungeon Overview and Level Annotations

Branches:
Dungeon (8/15)             Temple (1/1) D:4
   Lair: D:8-11

Altars:
Ashenzari
Cheibriados
Dithmenos
Elyvilon
Fedhas
Gozag
Hepliaklqana
Kikubaaqudgha
Makhleb
Nemelex Xobeh
Okawaru
Qazlal
Ru
Sif Muna
Trog
Uskayaw
Vehumet
Wu Jian
Yredelemnul
Zin
The Shining One

Annotations:
D:4 3 runed translucent doors, themarg's ghost, amateur GnWn
D:6 1 runed translucent door, zenocrate's ghost, novice DsWn
D:8 1 runed translucent door, Erica; TheOneDM's ghost, novice MiFi
Temple 2 transporters


Message History

Erica is heavily wounded.
No target in view!
No target in view!
Erica is nearby!
You shoot an arrow. The arrow hits Erica.
Erica is heavily wounded.
You shoot an arrow. The arrow hits Erica!
Erica is severely wounded.
Erica points at you and mumbles some strange words.
The bolt of poison hits you!!
You are poisoned.
You shoot an arrow. The arrow hits Erica.
Erica is severely wounded.
You feel very sick.
You are too injured to fight recklessly!
You are too injured to fight recklessly!
You are too injured to fight recklessly!
Fire: a) +1 shortbow
Press: ? - help, Shift-Dir - straight line, f/p - Erica
Aim: Erica, wielding a +4 scimitar of flaming and wearing a +0 robe (severely wounded, ally target, 69% to hit)
You shoot an arrow. The arrow closely misses Erica.
You feel very sick.
Fire: a) +1 shortbow
Press: ? - help, Shift-Dir - straight line, f/p - Erica
Aim: Erica, wielding a +4 scimitar of flaming and wearing a +0 robe (severely wounded, ally target, 69% to hit)
You shoot an arrow. The arrow hits Erica.
Erica is almost dead.
You feel sick.
Erica hits you with a +4 scimitar of flaming.
* * * LOW HITPOINT WARNING * * *
Erica burns you.
* * * LOW HITPOINT WARNING * * *
Fire: a) +1 shortbow
Press: ? - help, Shift-Dir - straight line, f/p - Erica
Aim: Erica, wielding a +4 scimitar of flaming and wearing a +0 robe (almost dead, ally target, 69% to hit)
You shoot an arrow. The arrow barely misses Erica.
* * * LOW HITPOINT WARNING * * *
You feel sick.
Erica hits you with a +4 scimitar of flaming.
You die...

##...#........#..........
.....+...P..:(#.......>..
....#......3.#..........
#..#P.∩.∩.∩.#..........
###..##########.....#####
.@..R...............#...#
....................'...#
.##########@#######.....#####
............@................
.............................
.............................
.............................
......................######.
.............####.....# #.
.############# #.....# #.
#.....# #. #.....# #.


You could see the friendly Henutemipet the knight (confused) and Erica (ally
target).

Vanquished Creatures
  Grinder (D:4)
  Sigmund (D:3)
  Menkaure (D:7)
  A water moccasin (D:7)
  Duvessa (D:4)
  A sky beast (D:7)
  4 black bears
  An ogre (D:6)
  A centaur (D:7)
  A phantom (D:7)
  A kobold brigand (D:7)
  4 scorpions
  Dowan (D:4)
  2 jellies
  5 howler monkeys
  Crazy Yiuf (D:3)
  4 hounds
  5 iguanas
  Ijyb (D:4)
  Terence (D:2)
  5 orc wizards
  Natasha (twice) (D:3)
  8 adders
  2 shadow imps
  A white imp (D:6)
  An ufetubus (D:6)
  A worm (D:4)
  2 dart slugs
  16 orcs
  2 ball pythons
  6 endoplasms
  8 giant cockroaches
  5 hobgoblins
  21 jackals
  3 quokkas
  2 bats
  3 frilled lizards
  8 goblins
  12 kobolds
  9 rats
155 creatures vanquished.

Vanquished Creatures (collateral kills)
  Maggie (D:7)
  A centaur (D:7)
  A kobold brigand (D:7)
  An orc (D:7)
  2 kobolds (D:7)
6 creatures vanquished.

Vanquished Creatures (others)
  3 fungi (D:2)
  3 plants
6 creatures vanquished.

Grand Total: 167 creatures vanquished

Notes
Turn   | Place    | Note
-------+----------+-------------------------------------------
     0 | D:1      | Persephone the Deep Elf Hunter began the quest for the Orb.
     0 | D:1      | Reached XP level 1. HP: 12/12 MP: 3/3
   337 | D:1      | Reached skill level 6 in Ranged Weapons
   337 | D:1      | Reached XP level 2. HP: 16/16 MP: 4/4
   584 | D:1      | Reached XP level 3. HP: 20/20 MP: 5/5
  1152 | D:2      | Reached skill level 7 in Ranged Weapons
  1152 | D:2      | Reached XP level 4. HP: 25/25 MP: 6/6
  1405 | D:2      | Noticed Terence
  1414 | D:2      | Killed Terence
  1415 | D:2      | Reached skill level 8 in Ranged Weapons
  1882 | D:2      | Found a faded altar of an unknown god.
  1924 | D:3      | Noticed Sigmund
  2012 | D:3      | Noticed a black bear
  2020 | D:3      | Killed a black bear
  2021 | D:3      | Reached skill level 9 in Ranged Weapons
  2021 | D:3      | Reached XP level 5. HP: 18/29 MP: 7/7
  2189 | D:3      | Killed Sigmund
  2190 | D:3      | Reached skill level 10 in Ranged Weapons
  2190 | D:3      | Reached XP level 6. HP: 28/34 MP: 8/8
  2919 | D:3      | Reached skill level 11 in Ranged Weapons
  2919 | D:3      | Reached XP level 7. HP: 30/38 MP: 9/9
  2993 | D:3      | Noticed Natasha
  2997 | D:3      | Killed Natasha
  3102 | D:3      | Found a bloodstained altar of Trog.
  3177 | D:3      | Found a runed translucent door.
  3178 | D:3      | Noticed Crazy Yiuf
  3249 | D:3      | Noticed Natasha
  3258 | D:3      | Killed Natasha
  3545 | D:3      | Killed Crazy Yiuf
  3748 | D:4      | Found a staircase to the Ecumenical Temple.
  3883 | D:4      | Noticed Ijyb
  3902 | D:4      | Killed Ijyb
  3928 | Temple   | Entered the Ecumenical Temple
  3928 | Temple   | Found a transporter.
  3928 | Temple   | Found a transporter.
  3964 | Temple   | Found a transporter.
  3964 | Temple   | Found a transporter.
  3985 | Temple   | Became a worshipper of Hepliaklqana the Forgotten
  4194 | D:4      | Reached skill level 12 in Ranged Weapons
  4207 | D:4      | Noticed themarg's ghost (amateur GnWn)
  4478 | D:4      | Found a runed translucent gate.
  4478 | D:4      | Found a runed translucent gate.
  4478 | D:4      | Found a runed translucent gate.
  4478 | D:4      | Noticed Grinder
  4479 | D:4      | Paralysed by Grinder for 4 turns
  4489 | D:4      | Paralysed by Grinder for 4 turns
  4493 | D:4      | Killed Grinder
  4494 | D:4      | Reached skill level 13 in Ranged Weapons
  4494 | D:4      | Reached XP level 8. HP: 25/43 MP: 10/10
  4761 | D:4      | Noticed Duvessa
  4761 | D:4      | Noticed Dowan
  4769 | D:4      | Killed Duvessa
  4773 | D:4      | Killed Dowan
  5064 | D:5      | Entered Level 5 of the Dungeon
  5117 | D:5      | Reached skill level 14 in Ranged Weapons
  5366 | D:5      | Reached skill level 15 in Ranged Weapons
  5422 | D:5      | Reached * piety under Hepliaklqana
  5912 | D:6      | Found a runed translucent door.
  5912 | D:6      | Noticed zenocrate's ghost (novice DsWn)
  6023 | D:6      | Found a radiant altar of Vehumet.
  6135 | D:6      | Reached XP level 9. HP: 42/42 MP: 11/11
  6171 | D:6      | Found a shadowy altar of Dithmenos.
  6256 | D:6      | Reached ** piety under Hepliaklqana
  6325 | D:6      | Remembered your ancestor Henutemipet as a knight
  6419 | D:7      | Noticed Menkaure
  6427 | D:7      | Killed Menkaure
  6428 | D:7      | Reached skill level 16 in Ranged Weapons
  6873 | D:7      | Reached skill level 17 in Ranged Weapons
  7136 | D:7      | Noticed Maggie
  7150 | D:7      | Killed Maggie
  7395 | D:8      | Noticed TheOneDM's ghost (novice MiFi)
  7471 | D:8      | Found a runed translucent door.
  7472 | D:8      | Noticed Erica
  7486 | D:8      | Slain by Erica

Illustrated notes

Levels and vault maps discovered:
D:1:      evilmike_arrival_hilbert_curve, layout_basic, hex_intersection
D:2:      layout_loops_ring, shapermc_ecumenical_altar_petra, bh_walls_and_bars,
          uniq_terence
D:3:      layout_rooms, mainiacjoe_overflow_six_doors_small, serial_rivers,
          chequers_serial_rivers_marsh, chequers_serial_rivers_room_a,
          chequers_serial_rivers_room_b, chequers_serial_rivers_micro_e,
          uniq_natasha, uniq_sigmund, uniq_crazy_yiuf_cottage
D:4:      layout_rooms, temple_pool_b, gammafunk_ghost_icy, uniq_duvessa,
          uniq_grinder, uniq_ijyb
D:5:      layout_cave_pools, minmay_quadrilaterals
D:6:      layout_loops_ring, mainiacjoe_overflow_paths, kennysheep_little_box,
          ebering_ghost_reflecting_pool
D:7:      layout_loops_cross, uniq_maggie, uniq_menkaure
D:8:      layout_gridville, serial_shops, nicolae_shop_advertising_works
          [nicolae_subvault_shop_adworks], hellmonk_ghost_big_iron, uniq_erica
Temple:   hellmonk_temple_divided_pantheon

Skill      XL: |  1  2  3  4  5  6  7  8  9 |
---------------+----------------------------+-----
Ranged Weapons | 6 7 9 10 11 13 15 17 | 17.8
Fighting       | |  1.5
Dodging        | |  2.4
Stealth        | |  1.2

Action                   |  1- 3 |  4- 6 |  7- 9 || total
-------------------------+-------+-------+-------++-------
 Fire: Shortbow          |    80 |   179 |   333 ||   592
Invok: Ancestor Life: Kn |       |       |     1 ||     1
Evoke: Wand              |       |       |     2 ||     2
  Use: Scroll            |       |     2 |     5 ||     7
       Potion            |       |       |     2 ||     2
Armor: Leather armour    |    13 |    23 |    44 ||    80
Dodge: Dodged            |    23 |    42 |   100 ||   165
